 Dungeon Sprint DCSS version 0.31-a0-848-gaac375c287 (webtiles) character file.

Game seed: 917338506777654592

58508 sircluck the Brawler (level 13, -23/143 (158) HPs)
             Began as a Troll Berserker on Oct 4, 2023.
             Was the Champion of Trog.
             Killed from afar by a Tzitzimitl (46 damage)
             ... with a bolt of negative energy
             ... summoned by a deep elf demonologist
             ... in the Dungeon (Sprint III: "The Ten Rune Challenge").
             The game lasted 00:13:49 (3127 turns).

sircluck the Brawler (Troll Berserker)              Turns: 3127, Time: 00:13:49

HP:   -23/143 (158) AC: 16    Str: 32    XL:     13   Next: 20%
MP:   10/10         EV: 12    Int:  3    God:    Trog [******]
Gold: 2020          SH:  0    Dex:  9    Spells: 12/12 levels left

rFire   + +          .
                       - Unarmed
rCold   x . .        (no shield)
rNeg    . . .        c - +4 fire dragon scales {Xtahua}
rPois   +            g - +2 hat
rElec   .            (no cloak)
rCorr   .            (gloves unavailable)
SInv    .            (boots unavailable)
Will    +++..        (no amulet) Stlth
                     (no ring)
HPRegen 3.03/turn    (no ring)
MPRegen 0.12/turn

%: no teleportation
@: strong-willed, on berserk cooldown, enlightened, flying, regenerating,
slowed, drained, very slow
A: large, unfitting armour, claws 3, regeneration 2, shaggy fur 1, tough skin 1,
low MP 1, poison resistance, wild magic 1
}: 2/10 runes: decaying, barnacled
a: Renounce Religion, Berserk, Trog's Hand, Brothers in Arms


You were in the Dungeon.
You worshipped Trog.
Trog was exalted by your worship.
You visited 1 branch You collected 2235 gold pieces.
You spent 215 gold pieces at shops.

Inventory:

Missiles
 r - 7 javelins
 t - 10 atropa-tipped darts
Armour
 a - a +0 animal skin
 c - +4 fire dragon scales (worn) {Xtahua}
 g - a +2 hat (worn)
 s - +0 fire dragon scales
Wands
 p - a wand of mindburst (11)
Scrolls
 i - a scroll of revelation
 k - a scroll of poison {unknown}
 l - a scroll of identify {unknown}
 n - a scroll of immolation {unknown}
 o - a scroll of brand weapon {unknown}
Potions
 b - 2 potions of heal wounds
 d - a potion of haste
 e - 2 potions of magic
 f - a potion of berserk rage
 h - a potion of cancellation {unknown}
 j - 5 potions of mutation
 m - 2 potions of enlightenment
 q - a potion of attraction {unknown}


   Skills:
 + Level 17.8 Fighting
 + Level 0.0 Armour
 + Level 17.5 Dodging
 + Level 20.5 Unarmed Combat


You had 12 spell levels left.
You didn't know any spells.
Your spell library was empty.

Dungeon Overview and Level Annotations

Branches:
Dungeon (1/1)

Altars:
Cheibriados
Dithmenos
Elyvilon
Fedhas
Gozag
Hepliaklqana
Kikubaaqudgha
Makhleb
Nemelex Xobeh
Okawaru
Qazlal
Ru
Sif Muna
Trog
Uskayaw
Vehumet
Wu Jian
Xom
Yredelemnul
Zin
The Shining One
Jiyva
Lugonu

Shops:
D (!:*(:?

Annotations:
D exclusion: 2 doors


Innate Abilities, Weirdness & Mutations

You are too large for most types of armour.
You have claws for hands.
You heal very quickly.
You are covered in fur. (AC +1)
You have tough skin. (AC +1)
Your magical capacity is low. (-10% MP)
Your system is resistant to poisons. (rPois)
Your spells are a little harder to cast, but a little more powerful.


Message History

The Brimstone Fiend calls on the powers of darkness!
Your body is wracked with pain!
The deep elf demonologist convulses! x3
The deep elf blademaster convulses!
The reaper hits you with a +4 scythe.
The Tzitzimitl engulfs you but does no damage.
The Tzitzimitl bites you!
* * * LOW HITPOINT WARNING * * *
You feel drained.
* * * LOW HITPOINT WARNING * * *
The deep elf blademaster hits you!
* * * LOW HITPOINT WARNING * * *
The deep elf blademaster hits you but does no damage.
You miss the deep elf blademaster.
Your claw misses the deep elf blademaster.
The deep elf blademaster is almost dead.
You feel sick.
The deep elf demonologist hits you but does no damage.
The deep elf demonologist freezes you!
* * * LOW HITPOINT WARNING * * *
Unknown command.
Unknown command.
The reaper hits you from afar with a +4 scythe.
* * * LOW HITPOINT WARNING * * *
The Tzitzimitl calls on the powers of darkness!
The deep elf demonologist convulses! x2; The deep elf blademaster convulses!
The deep elf high priest convulses!
Your body is wracked with pain!
* * * LOW HITPOINT WARNING * * *
The deep elf annihilator convulses!
The deep elf death mage convulses!
You feel a strong urge to attack something.
You are no longer berserk.
You are exhausted.
You feel yourself slow down.
You feel sick.
The deep elf demonologist casts a spell.
Unknown command.
Unknown command.
Unknown command.
You feel sick.
You are no longer poisoned.
The Tzitzimitl gestures at you. The bolt of negative energy hits you!!!
You feel drained.
You die...

▓▓▓ ▓▓▓▓▓▓▓▓
##.###...).)###############******
_#...#.....)).#...##.1..'..,,,,**
_#..........#)#...##≈≈≈≈##..**,**
##........∩##)#...≈1≈244.e..,*,**
.#))).....#.#.#...##≈≈21##3,**,**
.#)##....#.##.'.@.##eeeeee..,,,**
'#..#####...################*****
.#)###########################***
.#)§§§§§.#.'...'.#.#.#))†..~≈#,**
.#§#§~§#.#.#.).##.#.#.##...~≈###*
.'.#§.§#.#.#.).#.#)#.#.#...~≈≈≈#*
.#.#.§§#...#)..##.#.#.##...~~~~#*
▓▓▓▓▓▓▓▓▓▓▓▓▓▓▓#.#.#.#.#.......#*
~........~~~...##.#.#.##.......#*


You could see a Tzitzimitl (summoned) and a Brimstone Fiend (summoned).

Vanquished Creatures
  A kraken (D)
  Josephine (D)
  3 fire dragons (D)
  A hydra (D)
  A centaur warrior (D)
  An orc high priest (D)
  Urug (D)
  2 deep elf knights (D)
  A death drake (D)
  A spriggan druid (D)
  3 deep elf pyromancers (D)
  A lindwurm (D)
  A deep elf zephyrmancer (D)
  An orc sorcerer (D)
  2 black mambas (D)
  An unseen horror (D)
  2 cane toads (D)
  A komodo dragon (D)
  A rime drake (D)
  A queen bee (D)
  A hornet (D)
  2 tyrant leeches (D)
  7 blink frogs (D)
  2 snapping turtles (D)
  A shadow (D)
  2 spriggans (D)
  3 redbacks (D)
  3 wandering mushrooms (D)
  A spatial vortex (D)
  2 hell hounds (D)
  A swamp drake (D)
  2 orc warriors (D)
  2 centaurs (D)
  An earth elemental (D)
  A necrophage (D)
  A water elemental (D)
  29 killer bees (D)
  An electric eel (D)
  A jelly (D)
  2 orc priests (D)
  A wizard (D)
  Jessica (D)
  A necromancer (D)
  4 orc wizards (D)
  3 humans (D)
  A kobold demonologist (D)
  A phantom (D)
  8 orcs (D)
  3 rats (D)
  3 tentacles (D)
118 creatures vanquished.

Vanquished Creatures (collateral kills)
  Xtahua (D)
  Rupert (D)
  Gastronok (D)
  2 dire elephants (D)
  2 hydras (D)
  3 alligator snapping turtles (D)
  4 death yaks (D)
  2 elephants (D)
  A blink frog (D)
  A snapping turtle (D)
18 creatures vanquished.

Vanquished Creatures (others)
  A ballistomycete spore (D)
  11 tentacles (D)
12 creatures vanquished.

Grand Total: 148 creatures vanquished

Notes
Turn   | Place    | Note
-------+----------+-------------------------------------------
     0 | D        | sircluck the Troll Berserker began the quest for the Orb.
     0 | D        | Reached XP level 1. HP: 22/22 MP: 0/0
    32 | D        | Reached ** piety under Trog
    41 | D        | Noticed Jessica
    46 | D        | Killed Jessica
    47 | D        | Reached skill level 4 in Unarmed Combat
    47 | D        | Reached XP level 2. HP: 20/32 MP: 1/1
    91 | D        | Reached XP level 3. HP: 26/39 MP: 2/2
   116 | D        | Reached *** piety under Trog
   117 | D        | Reached skill level 5 in Unarmed Combat
   137 | D        | Gained mutation: Your magical capacity is low. (-10% MP)
                  | [potion of mutation]
   137 | D        | Gained mutation: Your system is resistant to poisons.
                  | (rPois) [potion of mutation]
   137 | D        | Gained mutation: You heal very quickly. [potion of
                  | mutation]
   137 | D        | Gained mutation: Your spells are a little harder to cast,
                  | but a little more powerful. [potion of mutation]
   142 | D        | Noticed a water elemental
   148 | D        | Killed a water elemental
   149 | D        | Reached skill level 5 in Fighting
   149 | D        | Reached skill level 5 in Dodging
   149 | D        | Reached skill level 6 in Unarmed Combat
   149 | D        | Reached XP level 4. HP: 35/50 MP: 2/2
   199 | D        | Found a radiant altar of Vehumet.
   199 | D        | Found a shimmering blue altar of Sif Muna.
   199 | D        | Found an ancient bone altar of Kikubaaqudgha.
   199 | D        | Noticed a wizard
   205 | D        | Killed a wizard
   206 | D        | Reached XP level 5. HP: 49/57 MP: 3/3
   212 | D        | Reached **** piety under Trog
   235 | D        | Found a basalt altar of Yredelemnul.
   235 | D        | Found a shadowy altar of Dithmenos.
   235 | D        | Found a sacrificial altar of Ru.
   238 | D        | Reached skill level 7 in Unarmed Combat
   252 | D        | Found a hide-covered altar of Uskayaw.
   252 | D        | Found an iron altar of Okawaru.
   252 | D        | Found a bloodstained altar of Trog.
   252 | D        | Found an ornate altar of the Wu Jian Council.
   252 | D        | Noticed a human
   253 | D        | Noticed a human
   267 | D        | Killed a human
   268 | D        | Reached skill level 8 in Unarmed Combat
   268 | D        | Reached XP level 6. HP: 16/71 MP: 4/4
   270 | D        | Killed a human
   270 | D        | Reached ***** piety under Trog
   271 | D        | Reached skill level 9 in Unarmed Combat
   271 | D        | Reached XP level 7. HP: 22/79 MP: 5/5
   316 | D        | Found a glowing silver altar of Zin.
   317 | D        | Found a glowing golden altar of the Shining One.
   317 | D        | Found a white marble altar of Elyvilon.
   317 | D        | Noticed a deep elf pyromancer
   319 | D        | Noticed a fire elemental
   319 | D        | Noticed a fire elemental
   320 | D        | Killed a deep elf pyromancer
   321 | D        | Reached skill level 10 in Unarmed Combat
   334 | D        | Noticed a shadow
   336 | D        | Killed a shadow
   337 | D        | Reached XP level 8. HP: 92/92 MP: 6/6
   345 | D        | Found a blossoming altar of Fedhas.
   345 | D        | Found a stormy altar of Qazlal.
   345 | D        | Found a snail-covered altar of Cheibriados.
   345 | D        | Found a burning altar of Makhleb.
   345 | D        | Found a shimmering altar of Xom.
   346 | D        | Found a hazy altar of Hepliaklqana.
   346 | D        | Found an opulent altar of Gozag.
   346 | D        | Found a sparkling altar of Nemelex Xobeh.
   346 | D        | Found a corrupted altar of Lugonu.
   346 | D        | Found a viscous altar of Jiyva.
   352 | D        | Reached skill level 11 in Unarmed Combat
   366 | D        | Noticed Josephine
   371 | D        | Killed Josephine
   372 | D        | Reached skill level 10 in Fighting
   372 | D        | Reached skill level 10 in Dodging
   372 | D        | Reached skill level 12 in Unarmed Combat
   388 | D        | Reached XP level 9. HP: 76/102 MP: 7/7
   403 | D        | Noticed a centaur warrior
   408 | D        | Killed a centaur warrior
   408 | D        | Reached ****** piety under Trog
   415 | D        | Reached skill level 13 in Unarmed Combat
   660 | D        | Killed an unseen horror
   660 | D        | Received a gift from Trog
   666 | D        | Noticed a wandering mushroom
   671 | D        | Noticed a wandering mushroom
   673 | D        | Noticed a wandering mushroom
   697 | D        | Noticed a cane toad
   697 | D        | Noticed a komodo dragon
   697 | D        | Noticed a cane toad
   701 | D        | Killed a cane toad
   706 | D        | Killed a komodo dragon
   707 | D        | Reached XP level 10. HP: 115/115 MP: 8/8
   708 | D        | Killed a cane toad
   709 | D        | Reached skill level 14 in Unarmed Combat
   802 | D        | Received a gift from Trog
   882 | D        | Noticed an elephant
   882 | D        | Noticed an elephant
   885 | D        | Noticed a dire elephant
   886 | D        | Killed a dire elephant
   887 | D        | Reached skill level 15 in Unarmed Combat
   887 | D        | Noticed a dire elephant
   894 | D        | Killed a dire elephant
   894 | D        | Killed an elephant
   895 | D        | Noticed Gastronok
   896 | D        | Killed an elephant
   900 | D        | Killed Gastronok
   900 | D        | Received a gift from Trog
   901 | D        | Reached skill level 16 in Unarmed Combat
   901 | D        | Reached XP level 11. HP: 128/128 MP: 8/8
   922 | D        | Noticed an azure jelly
   922 | D        | Noticed an azure jelly
   922 | D        | Noticed an azure jelly
   923 | D        | Noticed an azure jelly
   925 | D        | Noticed Rupert
   933 | D        | Killed Rupert
   946 | D        | Noticed a death yak
   946 | D        | Noticed a death yak
   948 | D        | Noticed a death yak
   951 | D        | Killed a death yak
   952 | D        | Noticed a death yak
   955 | D        | Killed a death yak
   957 | D        | Killed a death yak
   960 | D        | Killed a death yak
   960 | D        | Received a gift from Trog
   961 | D        | Reached skill level 17 in Unarmed Combat
   984 | D        | Reached skill level 15 in Fighting
  1037 | D        | Noticed a kraken
  1060 | D        | Killed a kraken
  1061 | D        | Reached skill level 15 in Dodging
  1223 | D        | Noticed an alligator snapping turtle
  1223 | D        | Noticed an alligator snapping turtle
  1224 | D        | Noticed an alligator snapping turtle
  1241 | D        | Killed an alligator snapping turtle
  1242 | D        | Reached XP level 12. HP: 143/143 MP: 9/9
  1252 | D        | Killed an alligator snapping turtle
  1253 | D        | Reached skill level 18 in Unarmed Combat
  1267 | D        | Killed an alligator snapping turtle
  1305 | D        | Found Saido's Antique Weapon Shoppe.
  1305 | D        | Found Enoaphu's Distillery.
  1305 | D        | Found Tamikyam's Book Shop.
  1316 | D        | Got a barnacled rune of Zot
  1533 | D        | Identified the +5 giant club "Aphous" {flame, +Blink rElec}
                  | (Trog gifted it to you in the Dungeon)
  1533 | D        | Received a gift from Trog
  1561 | D        | Noticed Urug
  1567 | D        | Killed Urug
  1585 | D        | Noticed a four-headed hydra
  1585 | D        | Noticed a five-headed hydra
  1590 | D        | Killed a four-headed hydra
  1594 | D        | Killed an eight-headed hydra
  1733 | D        | Noticed a fire dragon
  1742 | D        | Killed a fire dragon
  1743 | D        | Reached skill level 19 in Unarmed Combat
  1747 | D        | Noticed a fire dragon
  1749 | D        | Killed a fire dragon
  1787 | D        | Found Pazej's Antique Weapon Emporium.
  1787 | D        | Found Soekutz Miuw's Book Shop.
  1790 | D        | Found Feddissa's Magic Scroll Shoppe.
  1824 | D        | Found a blossoming altar of Fedhas.
  1849 | D        | Received a gift from Trog
  2013 | D        | Received a gift from Trog
  2031 | D        | Received a gift from Trog
  2183 | D        | Noticed an orc high priest
  2194 | D        | Received a gift from Trog
  2210 | D        | Received a gift from Trog
  2220 | D        | Found Bifil's Assorted Antiques.
  2226 | D        | Killed an orc high priest
  2226 | D        | Received a gift from Trog
  2314 | D        | Reached skill level 20 in Unarmed Combat
  2317 | D        | Received a gift from Trog
  2318 | D        | Reached XP level 13. HP: 128/156 MP: 10/10
  2340 | D        | Noticed a deep elf annihilator
  2553 | D        | HP: 1/157 [something (24)]
  2702 | D        | Bought a potion of heal wounds for 55 gold pieces
  2702 | D        | Bought a potion of heal wounds for 55 gold pieces
  2809 | D        | Bought a scroll of revelation for 105 gold pieces
  2814 | D        | Noticed Xtahua
  2814 | D        | Noticed a fire dragon
  2828 | D        | Killed Xtahua
  2835 | D        | Killed a fire dragon
  2853 | D        | Got a decaying rune of Zot
  3077 | D        | Noticed a deep elf blademaster
  3078 | D        | Identified the staff "Tinay" {rPois rC+ Stlth+ Ice}
  3078 | D        | Noticed a deep elf demonologist
  3078 | D        | Noticed a deep elf demonologist
  3109 | D        | Noticed a deep elf demonologist
  3113 | D        | Noticed a reaper
  3116 | D        | Noticed a Brimstone Fiend
  3117 | D        | Noticed a deep elf death mage
  3118 | D        | Noticed a Tzitzimitl
  3122 | D        | Noticed a blizzard demon
  3126 | D        | Noticed a Tzitzimitl
  3127 | D        | Killed from afar by a Tzitzimitl

Illustrated notes

Levels and vault maps discovered:
D:        dungeon_sprint_mu [sprint_mu_entry_cave, sprint_mu_temple_rooms,
          sprint_mu_d1_horrors, sprint_mu_d2_genie, sprint_mu_d3_branching,
          sprint_mu_orc_legion, sprint_mu_elf_gauntlet, sprint_mu_hive_nellie,
          sprint_mu_lair_fedhas, sprint_mu_vaults_butterflies,
          sprint_mu_slime_circle, sprint_mu_swamp_cave, sprint_mu_shoals_kraken,
          sprint_mu_blade_basic, sprint_mu_crypt_lich, sprint_mu_tomb_spiral,
          sprint_mu_vestibule_basic, sprint_mu_gehenna_hellfire,
          sprint_mu_dis_giant, sprint_mu_tartarus_statrot,
          sprint_mu_cocytus_islands, sprint_mu_zot1]

Skill      XL: |  1  2  3  4  5  6  7  8  9 10 11 12 |
---------------+-------------------------------------+-----
Fighting       | 3 4 5 7 9 10 11 13 15 17 | 17.8
Dodging        | 3 4 5 7 9 10 11 13 15 17 | 17.5
Unarmed Combat | 4 6 8 9 10 12 13 16 17 20 | 20.5

Action                     |  1- 3 |  4- 6 |  7- 9 | 10-12 | 13-15 || total
---------------------------+-------+-------+-------+-------+-------++-------
  Melee: Unarmed           |    26 |    29 |    54 |   259 |    19 ||   387
         Punch             |     1 |     1 |     3 |    16 |     1 ||    22
 Invoke: Berserk           |     1 |     1 |     1 |     3 |     1 ||     7
         Brothers in Arms  |       |       |       |     9 |     2 ||    11
         Trog's Hand       |       |       |       |       |     1 ||     1
  Evoke: Wand              |       |     3 |       |     1 |       ||     4
    Use: Potion            |     1 |       |       |       |     5 ||     6
         Scroll            |       |     1 |       |     1 |     1 ||     3
 Armour: Animal skin       |    12 |    30 |    53 |    64 |       ||   159
         Fire dragon scale |       |       |       |    82 |    51 ||   133
  Dodge: Dodged            |    10 |    22 |    29 |   110 |     8 ||   179

Table legend: (Time is in decaauts)
 A = Elapsed time spent in this place.
 B = Non-inter-level travel time spent in this place.
 C = Inter-level travel time spent in this place.
 D = Time resting spent in this place.
 E = Time spent auto-exploring this place.
 F = Levels seen in this place.
 G = Mean time per level.
                   A        B        C        D        E       F      G
               +--------+--------+--------+--------+--------+-----+--------+
         Total |   3064 |   2444 |    620 |   1057 |    104 |   1 | 3064.0 |
       Dungeon |   3064 |   2444 |    620 |   1057 |    104 |   1 | 3064.0 |
               +--------+--------+--------+--------+--------+-----+--------+

Top non-repeatable levels by time:
       D: 3064 daAuts
